lilith, chaotic female human Rogue ------ ----- |....| |.).| |.`..----...| |.....[[..@[| |..--->---[d| |---------.--- |.....<|..f..| |..----|.....| --.| |.....| |.-----...F.| |...........| |..---------- ---- lilith the Rogue Experience level: 7 Strength: 16 Dexterity: 18 Constitution: 15 Intelligence: 9 Wisdom: 12 Charisma: 9 Health: 0(43) Energy: 35(35) Def: 8 Gold: 241 Moves: 5986 Dungeon seed: sHZB9djmkC4UBjLp Game ID: lilith_1517491532 Your Inventory: Coins $ - 241 gold pieces Weapons a - an uncursed corroded +0 dagger named Biter (weapon in hand) b - 11 uncursed +0 daggers (in quiver) o - 2 uncursed +0 darts p - an uncursed +0 dagger q - 7 uncursed poisoned +0 orcish arrows t - a cursed -1 orcish bow Armor e - an uncursed +1 leather armor (being worn) n - an uncursed +0 orcish helm r - an uncursed +0 orcish cloak u - an uncursed +0 orcish helm v - an uncursed +0 orcish helm w - an uncursed +0 pair of iron shoes (being worn) x - a blessed +2 Uruk-hai shield (being worn) y - an uncursed +0 orcish cloak (being worn) z - an uncursed +0 orcish helm A - an uncursed +0 Uruk-hai shield N - an uncursed +2 orcish helm Y - an uncursed +0 Uruk-hai shield Tools k - an uncursed lock pick s - an uncursed lock pick B - an uncursed bag of holding C - an uncursed sack Contents of the bag of holding: 1070 gold pieces an uncursed +0 dagger an uncursed corroded +0 dagger named Biter 5 uncursed +0 darts 4 blessed poisoned +0 orcish arrows an uncursed carrot 4 uncursed cherries an uncursed egg 3 uncursed food rations 2 uncursed fortune cookies an uncursed lembas wafer an uncursed lichen corpse an uncursed pear an uncursed sprig of wolfsbane 3 uncursed tripe rations a blessed scroll of blank paper 2 uncursed scrolls of blank paper 2 uncursed scrolls of earth an uncursed scroll of enchant weapon an uncursed scroll of light an uncursed scroll of magic mapping a blessed scroll of stinking cloud an uncursed scroll of stinking cloud an uncursed scroll of teleportation a cursed potion of invisibility an uncursed potion of paralysis 3 uncursed potions of sickness an uncursed potion of speed an uncursed potion of water a cursed ring of aggravate monster an uncursed ring of cold resistance an uncursed ring of poison resistance a blessed +3 ring of protection an uncursed ring of sustain ability an uncursed wand of create monster (0:11) an uncursed wand of light (0:13) an uncursed wand of magic missile (0:3) an uncursed mirror 3 uncursed tallow candles (0:200) an uncursed tin whistle an uncursed tooled horn an uncursed amethyst stone 2 uncursed aquamarine stones an uncursed worthless piece of blue glass an uncursed worthless piece of orange glass an uncursed worthless piece of yellowish brown glass Contents of the sack: an uncursed wand of cancellation (0:5) Spells and supernatural/magical abilities: Name Level Category Fail Memory W - pray for help -- divine ? -- Your skills at the end: Fighting Skills Weapon Skills dagger [Skilled] short sword [Basic] Spellcasting Skills Final Attributes: You were piously aligned. You were poison resistant. You were stealthy. You are dead. Vanquished creatures: 2 giant mimics a dwarf mummy 2 gold golems 8 Uruk-hai a rock mole 2 fog clouds 2 shriekers 2 violet fungi 3 gnome lords a kobold mummy 2 black naga hatchlings 3 golden naga hatchlings a guardian naga hatchling a gray ooze 5 elf zombies a straw golem 2 paper golems a giant ant 2 floating eyes 2 kobold lords a kobold shaman 4 hill orcs 2 rothes a rabid rat a centipede a giant bat an iguana an acid blob 5 coyotes 3 hobbits 4 giant rats 4 cave spiders 3 yellow molds a red mold 2 garter snakes 2 geckos 10 jackals 2 foxes 6 kobolds 6 goblins a sewer rat 9 grid bugs 7 bats 7 lichens 3 kobold zombies 6 newts 137 creatures vanquished. Voluntary challenges: You had been an atheist until turn 5031. You used a wielded weapon 246 times, starting on turn 229. You read items or engraved 116 times, starting on turn 1923. You never genocided any monsters. You never polymorphed an object. You never changed form. You used no wishes. You never split a pudding. You wrote Elbereth's name 105 times, starting on turn 1923. You never violated your personal moral code. Dungeon overview: The Dungeons of Doom: levels 1 to 6 Level 1 a long staircase Level 2 a general store stairs to The Gnomish Mines Level 3 Level 4 a sink Level 5 many fountains Level 6 stairs to Sokoban The Gnomish Mines: Level 3 stairs to The Dungeons of Doom Sokoban: levels 2 to 5 Level 2 Level 3 Level 4 Level 5 <- You were here stairs to The Dungeons of Doom History has recorded: On T:1 you entered the Dungeons of Doom to retrieve the Amulet of Yendor! On T:338 you reached level 2 of The Dungeons of Doom. On T:346 you advanced to experience level 2. On T:442 you reached level 1 of The Gnomish Mines. On T:782 you reached level 3 of The Dungeons of Doom. On T:994 you reached level 4 of The Dungeons of Doom. On T:1276 you advanced to experience level 3. On T:1417 you reached level 5 of The Dungeons of Doom. On T:1671 you reached level 6 of The Dungeons of Doom. On T:1764 you advanced to experience level 4. On T:1817 you reached level 4 of Sokoban. On T:2253 you advanced to experience level 5. On T:2412 you reached level 3 of Sokoban. On T:2913 you advanced to experience level 6. On T:3253 you reached level 2 of Sokoban. On T:3746 you reached level 1 of Sokoban. On T:5164 you advanced to experience level 7. Score breakdown: Gold: 1311 (10606 points) Experience: 7 levels (13645 points) Exploration: 6 levels ( 12.50%) ( 9784 points) Discoveries: 5 items ( 1.68%) ( 3885 points) Valuables value: (no points given unless you survive) Artifact value: 0 ( 0 points) Variety of kills: 46 monsters ( 12.07%) (10424 points) Turncount: 5986 turns (-1620 points) Survival: died (score multiplied by 80%) Total score: 37379 Latest messages: You take off your iron skull cap. You stop changing your equipment. You continue equipping your iron skull cap. You stop changing your equipment. Something is written here in the dust. You read: "? rc ?". There are a few objects here. The little dog just misses! The little dog bites! You stop. Catsby is in the way! The little dog misses. You hit the little dog. The little dog bites! (2x) You hit the little dog. The little dog bites! (2x) The little dog misses. You write in the dust with your fingers. The little dog bites! You add to the writing in the dust with your fingers. The little dog bites! You die... Final status: Goodbye lilith the Rogue, killed by a little dog... You died in Sokoban on dungeon level 5 with 37379 points, and 1311 pieces of gold, after 5986 moves. You were level 7 with a maximum of 43 hit points when you died.